Cogmind - Beta 17.1 @@@ ROGUE MODE // 2026.09.22 @ 04:05:11 Player: robotdolboeb Result: Self-destructed Performance ------------- Evolutions (2) 1000 Regions Visited (3) 600 Robots Destroyed (45) 225 Value Destroyed (1418) 1418 Prototype IDs (20) 400 Alien Tech Used (0) 0 Bonus (-154) -154 TOTAL SCORE: 3489 Bonus ------- Friendly Fire -154 Cogmind --------- Core Integrity 322/550 Matter 295/300 Energy 280/280 System Corruption 0% Temperature Cool (48) Movement Rolling (90) Ox2 Location -8/Materials Parts ------- > --- POWER (1) -------- Heavy Ion Engine > --- PROPULSION (4) --- Maxwheels > --- UTILITY (4) ------ Improved Heat Sink High-capacity Storage Unit Targeting Computer Makeshift Light Armor Plating > --- WEAPON (2) ------- Heavy Particle Cannon Heavy Particle Cannon > --- INVENTORY (20) --- Heavy Ion Engine Subdweller Power Source Light Treads Light Treads Spiked Treads Thermal Generator Improved Heat Sink Disposable Heat Sink Medium Matter Pod (100) Makeshift Targeting Computer Melee Analysis Suite Utility Shielding Hardened Light Armor Plating Scrap Shield Hacking Suite Shock Bomb Launcher Shock Bomb Launcher Scrap Shield Fragment (26) Peak State ------------ > --- POWER ------------ Heavy Ion Engine > --- PROPULSION ------- Maxwheels > --- UTILITY ---------- Improved Heat Sink High-capacity Storage Unit Targeting Computer Makeshift Light Armor Plating > --- WEAPON ----------- Beam Cannon Heavy Particle Cannon Heavy Particle Cannon > --- INVENTORY -------- Heavy Ion Engine Subdweller Power Source Light Treads Light Treads Spiked Treads Thermal Generator Improved Heat Sink Disposable Heat Sink Medium Matter Pod Makeshift Targeting Computer Melee Analysis Suite Utility Shielding Hardened Light Armor Plating Scrap Shield Hacking Suite Shock Bomb Launcher Shock Bomb Launcher Scrap Shield Fragment [Rating: 55] Favorites ----------- Power Heavy Ion Engine Engine Heavy Ion Engine Propulsion Light Treads Treads Light Treads Leg Aluminum Leg Wheel Maxwheels Utility High-capacity Storage Unit Device Improved Heat Sink Storage High-capacity Storage Unit Processor Targeting Computer Protection Makeshift Light Armor Plating Weapon Subdweller Machine Gun Energy Gun Medium Laser Energy Cannon Beam Cannon Ballistic Gun Subdweller Machine Gun Launcher Grenade Launcher Build | -11 -10 -10 -8 ------- Run | Yrd Mat Sub Mat Slots Evolved 4 | . . . 4 Power . | . . . . Propulsion 2 | . . . 2 Utility 2 | . . . 2 Weapon . | . . . . Parts Attached 29 | 5 8 7 9 Power 2 | . 2 . . Engine 2 | . 2 . . Core . | . . . . Reactor . | . . . . Propulsion 7 | 4 . 2 1 Treads 4 | 2 . 2 . Leg 2 | 2 . . . Wheel 1 | . . . 1 Hover . | . . . . Flight . | . . . . Utility 6 | 1 2 . 3 Device 2 | . . . 2 Storage 2 | 1 1 . . Processor 1 | . 1 . . Hackware . | . . . . Protection 1 | . . . 1 Artifact . | . . . . Weapon 14 | . 4 5 5 Energy Gun 2 | . 1 . 1 Energy Cannon 4 | . 1 . 3 Ballistic Gun 6 | . 1 5 . Ballistic Cannon . | . . . . Launcher 2 | . 1 . 1 Special Weapon . | . . . . Impact Weapon . | . . . . Slashing Weapon . | . . . . Piercing Weapon . | . . . . Special Melee Weapon . | . . . . Unidentified Prototypes 2 | . 1 . 1 Parts Lost 6 | . . 4 2 Power . | . . . . Propulsion 2 | . . 2 . Utility . | . . . . Weapon 4 | . . 2 2 Highest Loss Streak 3 | . . 3 2 To Critical Strikes . | . . . . Average Backups 13 | 4 6 14 17 Power 1 | 1 1 1 2 Propulsion . | 1 . . 2 Utility 7 | . 1 7 7 Weapon 4 | 1 2 4 4 Tool/Special . | . . . . Unused Backups 21 | . 2 3 16 Power 3 | . 1 . 2 Propulsion 3 | . . 1 2 Utility 11 | . . 1 10 Weapon 4 | . 1 1 2 Tool/Special . | . . . . Average Slot Usage (%) 95 | . 97 98 74 Engine 13 | . 13 14 7 Treads 23 | . 24 27 . Wheel 1 | . . . 7 Storage 13 | . 14 14 7 Processor 12 | . 12 14 7 Energy Cannon 3 | . 12 1 8 Ballistic Gun 18 | . 9 20 13 Launcher 4 | . 4 5 . Peak Build Rating 55 | 3 10 18 55 Average Rating 18 | 2 8 15 52 On Entrance 7 | . 3 10 18 Avg Prop Armor Cover (%) . | . . . . Naked Turns . | . . . . Heaviest Build 68 | 5 54 56 68 Greatest Support 40 | 40 40 40 30 Greatest Overweight (x) 2 | . 1 2 2 Average Overweight (x) 1 | . . 1 1 Largest Inventory Capacity 20 | 8 20 20 20 Average Capacity 19 | 7 18 20 20 Most Carried 20 | 7 8 20 20 Average Carried 17 | 5 6 19 19 Final Capacity 20 | 8 20 20 20 Final Carried 19 | 7 8 19 19 Class Distribution -------------------- 87% | Mutant 12% | Gunner Dominant Class ---------------- Mutant | -10/Materials Mutant | -10/Subcaves Gunner | -8/Materials Resources | -11 -10 -10 -8 ----------- Run | Yrd Mat Sub Mat Matter Collected 1109 | 147 117 510 335 Remotely . | . . . . Salvage Created 1353 | . 144 410 799 Parts 97 | . 14 37 46 Haulers Intercepted . | . . . . Recyclers Shooed . | . . . . Parts Field Recycled . | . . . . Retrieved Matter . | . . . . Parts Self-Destructed 4 | . . 4 . Prevented . | . . . . Parts Restored . | . . . . Kills | -11 -10 -10 -8 ------- Run | Yrd Mat Sub Mat Combat Hostiles Destroyed 37 | . 6 15 16 Guns 10 | . . 5 5 Cannons 15 | . 3 2 10 AOE 11 | . 3 8 . Classes Destroyed 12 | . 3 2 7 Worker 1 | . . . 1 Builder 2 | . 2 . . Recycler 1 | . . . 1 Mechanic 1 | . . . 1 Watcher 2 | . . . 2 Swarmer 7 | . 3 . 4 Grunt 8 | . 3 . 5 Brawler 1 | . . . 1 Duelist 1 | . . . 1 Sentry 5 | . . . 5 Subdweller 15 | . . 15 . Guerrilla 1 | . . 1 . Best Kill Streak 6 | . 3 6 5 Combat Bots Only 6 | . 3 6 4 Max Kills in Single Turn 3 | . 1 3 2 Gunslinging . | . . . . Exploded 2 | . 1 2 . Melee . | . . . . Uniques/NPCs Destroyed . | . . . . Combat | -11 -10 -10 -8 -------- Run | Yrd Mat Sub Mat Hostile Shots Fired 136 | . 15 36 85 Missed 40 | . 5 14 21 Hits 96 | . 10 22 64 Melee 6 | . . . 6 Projectile 90 | . 10 22 58 Critical Strikes 2 | . 1 . 1 Damage Taken 1801 | . 167 622 1012 Core 311 | . 44 39 228 Absorbed by Shields . | . . . . Core Remaining (%) 83 | 100 . 66 . Volleys Fired 82 | . 10 25 47 Largest 3 | . 2 2 3 Hottest 210 | . 90 90 210 Shots Fired 204 | . 19 48 137 Gun 102 | . 4 19 79 Cannon 75 | . 10 7 58 Launcher 27 | . 5 22 . Special . | . . . . Kinetic 91 | . 4 19 68 Thermal 75 | . 10 7 58 Explosive 27 | . 5 22 . Electromagnetic 11 | . . . 11 Robot Hit Streak 16 | . 3 16 16 Robot Miss Streak 4 | . 2 1 4 Penetration Max . | . . . . Secondary Targets . | . . . . Shots Hit Robots 131 | . 10 36 85 Core Hits 75 | . 10 31 34 Critical Kills 1 | . . . 1 Critical Parts Destroyed 3 | . . . 3 Critical Strikes 4 | . . . 4 Meltdown 1 | . . . 1 Destroy 3 | . . . 3 Melee Attacks . | . . . . Impact . | . . . . Slashing . | . . . . Piercing . | . . . . Sneak Attacks . | . . . . Combat Hostiles . | . . . . Follow-up Attacks . | . . . . Damage Inflicted 4000 | . 326 2005 1669 Guns 1303 | . 37 303 963 Cannons 897 | . 87 104 706 Explosions 1799 | . 201 1598 . Melee . | . . . . Ramming 1 | . 1 . . Kinetic 1180 | . 37 303 840 Thermal 897 | . 87 104 706 Explosive 1799 | . 201 1598 . Electromagnetic 123 | . . . 123 Impact . | . . . . Slashing . | . . . . Piercing . | . . . . Highest Corruption . | . . . . Average Corruption . | . . . . Corruption Purged . | . . . . Corruption Blocked . | . . . . Overload Shots . | . . . . Overflow Damage 35 | . 28 7 . Projectiles . | . . . . Explosions 35 | . 28 7 . Melee . | . . . . Knockbacks . | . . . . Impact . | . . . . Kinetic . | . . . . Secondary . | . . . . Self-Inflicted Damage 197 | . 80 117 . Shots 10 | . 3 7 . Rammed . | . . . . Targets Rammed 1 | . 1 . . Kicked . | . . . . Crushed 1 | . 1 . . Highest Temperature 440 | . 80 . 440 Average Temperature 81 | . 29 . 93 Received Heat Transfer 372 | . 24 69 279 Effects 7 | . . . 7 Energy Bleed 3 | . . . 3 Interference 2 | . . . 2 Damage (major) 2 | . . . 2 Siege Activations . | . . . . Martial Activations . | . . . . Shielding Activations . | . . . . Robots Disrupted . | . . . . Combat Hostiles . | . . . . Robots Corrupted . | . . . . Combat Hostiles . | . . . . Parts Fried . | . . . . Impact Corruptions . | . . . . Robots Melted 1 | . . . 1 Combat Hostiles 1 | . . . 1 Parts Melted 4 | . . . 4 Heat Transferred 1813 | . 185 222 1406 Parts Sabotaged . | . . . . Parts Stolen . | . . . . Parts Stripped . | . . . . Power Chain Reactions . | . . . . Alert | -11 -10 -10 -8 ------- Run | Yrd Mat Sub Mat Maximum Alert Level 1 | . . . 1 Low Security (%) 90 | 100 100 . 81 Level 1 9 | . . . 18 Level 2 . | . . . . Level 3 . | . . . . Level 4 . | . . . . Level 5 . | . . . . High Security . | . . . . Max Security . | . . . . Peak Influence 267 | . 78 . 267 Initial . | . . . . Average 64 | . 31 . 103 Influence Increases 669 | . 193 . 476 Destroy 0b10 Robot/C 440 | . 120 . 320 Destroy 0b10 Robot/NC 35 | . 10 . 25 Destroy Leader 104 | . 20 . 84 Successful Hack 5 | . 5 . . Disable Machine 15 | . . . 15 Destroy Structure 55 | . 38 . 17 Lose Combat Pursuer 15 | . . . 15 Influence Decreases 419 | . 140 53 226 Entered New Map 26 | . . 26 . Time Decay 373 | . 140 27 206 Lost Part 20 | . . . 20 Squads Dispatched 5 | . . . 5 Investigation . | . . . . Extermination . | . . . . Reinforcement 2 | . . . 2 Assault . | . . . . Garrison 3 | . . . 3 Intercept . | . . . . Searches Triggered . | . . . . Construction Impeded . | . . . . Haulers Reinforced . | . . . . Active Scanning Responses . | . . . . Cargo Convoy Interrupts . | . . . . Stealth | -11 -10 -10 -8 --------- Run | Yrd Mat Sub Mat Distress Signals 4 | . 1 . 3 Communications Jammed . | . . . . Distress Signals . | . . . . Times Spotted 52 | . 8 19 25 Peak Tracking Total 7 | . 5 7 5 Tactical Retreats 1 | . . . 1 Traps | -11 -10 -10 -8 ------- Run | Yrd Mat Sub Mat Traps Triggered . | . . . . Indirectly . | . . . . Trap Hack Attempts . | . . . . Triggered . | . . . . Disarmed . | . . . . Reprogrammed . | . . . . Reused . | . . . . Traps Extracted . | . . . . Installed . | . . . . Triggered . | . . . . Machines | -11 -10 -10 -8 ---------- Run | Yrd Mat Sub Mat Machines Disabled 3 | . . 2 1 Max in Single Turn 2 | . . 2 1 Machines Repaired . | . . . . Machines Dismantled . | . . . . Machines Sabotaged . | . . . . Overloaded Fab Kills . | . . . . Hacking | -11 -10 -10 -8 --------- Run | Yrd Mat Sub Mat Machines Accessed 4 | . 2 1 1 Terminals 3 | . 2 . 1 Fabricators . | . . . . Repair Stations . | . . . . Recycling Units . | . . . . Scanalyzers . | . . . . Garrison Access . | . . . . Total Hacks 15 | . 4 9 2 Successful 12 | . 2 9 1 Failed 3 | . 2 . 1 Catastrophic . | . . . . Database Lockouts . | . . . . Manual 1 | . . 1 . Terminals 6 | . 4 . 2 Fabricators . | . . . . Repair Stations . | . . . . Recycling Units . | . . . . Scanalyzers . | . . . . Garrison Access . | . . . . Terminal Hacks 12 | . 2 9 1 Record 8 | . . 8 . Robot Analysis 1 | . 1 . . Prototype ID Bank 2 | . 1 . 1 Proto ID Catalog 1 | . . 1 . Fabricator Hacks . | . . . . Repair Station Hacks . | . . . . Recycling Unit Hacks . | . . . . Scanalyzer . | . . . . Garrison Access Hacks . | . . . . Unauthorized Hacks . | . . . . Terminals . | . . . . Fabricators . | . . . . Repair Stations . | . . . . Recycling Units . | . . . . Scanalyzers . | . . . . Garrison Access . | . . . . Data Cores Recovered . | . . . . Used . | . . . . Hacking Detections 3 | . 2 . 1 Full Trace Events . | . . . . Feedback Events . | . . . . Feedback Blocked . | . . . . Robot Schematics Acquired . | . . . . Robots Built . | . . . . Authchips . | . . . . Time . | . . . . Total Robot Build Rating . | . . . . Part Schematics Acquired . | . . . . Parts Built . | . . . . Authchips . | . . . . Time . | . . . . Total Part Build Rating . | . . . . Part Studies Acquired . | . . . . Parts Repaired . | . . . . Time . | . . . . Parts Recycled . | . . . . Recycled Matter . | . . . . Retrieved Matter . | . . . . Retrieved Components . | . . . . Parts Scanalyzed . | . . . . Part Schematics Acquired . | . . . . Parts Damaged . | . . . . Bothacking | -11 -10 -10 -8 ------------ Run | Yrd Mat Sub Mat Used RIF Installer . | . . . . Robots Hacked . | . . . . Non-combat . | . . . . Combat . | . . . . Robot Hacks Applied . | . . . . Relay Couplers Released . | . . . . Fabnet Peak Effective % . | . . . . Robots Rewired . | . . . . Allies Hacked . | . . . . Hacks Repelled . | . . . . Allies | -11 -10 -10 -8 -------- Run | Yrd Mat Sub Mat Total Allies . | . . . . Largest Group . | . . . . Highest-Rated Group . | . . . . Highest-Rated Ally . | . . . . Total Orders . | . . . . Ally Attacks . | . . . . Total Damage . | . . . . Kills . | . . . . Allies Corrupted . | . . . . Allies Melted . | . . . . Intel | -11 -10 -10 -8 ------- Run | Yrd Mat Sub Mat Active Infowar (turns) . | . . . . Robot Analysis Total 1 | . 1 . . Derelict Logs Recovered 1 | . . 1 . Drone Launches . | . . . . Drone Recoveries . | . . . . Exploration | -11 -10 -10 -8 ------------- Run | Yrd Mat Sub Mat Turns Passed 4301 | 62 489 3215 535 Spaces Moved 1862 | 45 196 1247 374 Core 12 | 12 . . . Treads 1411 | 4 160 1247 . Legs 65 | 29 36 . . Wheels 374 | . . . 374 Hover . | . . . . Flight . | . . . . Fastest Speed 50 | 50 120 240 85 Average Speed 210 | 104 217 249 89 Slowest Speed 320 | 160 240 320 90 Overloaded Moves . | . . . . Propulsion Burnouts . | . . . . Robots Hopped . | . . . . Potential Cave-ins . | . . . . Cave-ins Triggered . | . . . . Exploration Rate (%) 28 | 3 20 62 27 Regions Visited 3 Branch Regions 1 Pre-discovered Areas 1 | . . 1 . Known Exits Taken . | . . . . Unknown Exits Taken 3 | 1 1 1 . Scrap Searched 1 | . . 1 . Spaces Dug . | . . . . Terrain Destroyed 124 | . 31 80 13 Melee . | . . . . Projectile 13 | . . . 13 AOE 111 | . 31 80 . Terrain Rammed . | . . . . Walls Destroyed . | . . . . Machines Disabled . | . . . . Actions | -11 -10 -10 -8 --------- Run | Yrd Mat Sub Mat Total 2074 | 58 238 1306 472 Wait 12 | . 3 . 9 Move 1859 | 44 195 1246 374 Hop . | . . . . Pick Up 56 | 9 11 18 18 Fast Attach 1 | 1 . . . Attach 20 | 2 5 4 9 Detach 1 | . . . 1 Swap 16 | 2 7 4 3 Drop 26 | . 6 9 11 Fire 82 | . 10 25 47 Melee . | . . . . Ram . | . . . . Kick . | . . . . Crush 1 | . 1 . . Escape Stasis . | . . . . Rewire . | . . . . Trap . | . . . . Miscellaneous . | . . . . Route ------- -11/Scrapyard -10/Materials -10/Subcaves -8/Materials History --------- Turn | Location | Event 18 | -11/Scrapyard | Discovered new exit (range 16) 63 | -11/Scrapyard | Entered Materials 304 | -10/Materials | Build established: Mutant 424 | -10/Materials | Discovered new exit (range 9) 552 | -10/Materials | Entered Subcaves 553 | -10/Subcaves | Approached by a straggling Scientist 561 | -10/Subcaves | Ambushed by Subdwellers from Twisted Machinery 571 | -10/Subcaves | Learned Materials garrison access intel 780 | -10/Subcaves | Ambushed by swarm of Subdwellers 782 | -10/Subcaves | Ambushed by Subdwellers from Twisted Machinery 782 | -10/Subcaves | Ambushed by Subdwellers from Twisted Machinery 796 | -10/Subcaves | A swath of the cavern ceiling suddenly collapsed 817 | -10/Subcaves | Ambushed by Subdweller buried in earth 854 | -10/Subcaves | Lost 4 allies 859 | -10/Subcaves | Lost 3 parts (2n1w) 1351 | -10/Subcaves | Learned location of Zion (-7) 1351 | -10/Subcaves | Met a Zionite searching for "candidates" 1612 | -10/Subcaves | A Subdweller sparked back to life 3514 | -10/Subcaves | Visited 4L-MR0's lab 3575 | -10/Subcaves | Found Maxwheels 3706 | -10/Subcaves | Discovered new exit (range 15) 3767 | -10/Subcaves | Entered Materials 3767 | -8/Materials | Evolved 4 slots: Propulsion x2, Utility x2 3768 | -8/Materials | Loaded intel: 1 garrison access location 3770 | -8/Materials | Attached Maxwheels, gained temporary slots: Weapon x2 3908 | -8/Materials | Garrison activated, responded to threat 4068 | -8/Materials | Build established: Gunner 4302 | -8/Materials | Self-destructed Last Messages --------------- Overheating: Imp. Heat Sink damaged (-8). Overheating: System interference. Targeting Computer temporarily disabled. Beam Cannon temporarily disabled. Acquired Imp. Heat Sink. Acquired 35 matter. Overheating: Energy bleed (-39). Dropped Imp. Heat Sink. Acquired Imp. Heat Sink. ALERT: Suspicious intruders detected, dispatching Specialist reinforcements to area. Penetrated by Slug. Beam Cannon destroyed. Temporary Weapon slot lost. C-30 ARC bursts open, deploying its payload. H-55 Commando unfolds itself. Penetrated by Slug. H-61 Shepherd calls for reinforcements. ALERT: Hostile activity reported, dispatching reinforcements to area. Map ----- +----------------------------------------------------+ | ????????????????????????????????# """ # | | ????????????????????????????????# # | | ????????????????????????????????# # | | ????????????????????????????????#########+######## | | ??????????????????????????????????# #? | | ??????????????????????????????????# #? | | ??????????????????????????????????# [ """ #? | | ??????????????????????????????????# """ #? | | ??????????????????????????????????# """ #? | | ??????????????????????????????????# #? | | ??????????????????????????#######?################ | | ??????????????????????????# #?????# | | ??????????????????????????# " #?????# | | ??????????????????????????# T ####### | | ??????????????????????????# " # # ######## | | ??????????????????????????# #""" # #?????## | | ??????????????????????????# #""" # #?????# | | ??????????????????????????# #""" + #?????# | | ??????????????????????????# """ #""" # ####### | | ??????????????????????????# """ # # + | | ??????????????????????????# """=# ! # ####### | | ??????????????????????????# *[####### ###?????#[ | | ??????????????????????????# [ =%#??#### ##??????## | | ?????????????###+;############+######## ########## | | ?????????? =%* u | | ?????????? H u @ !%= =* | | ?????????? h% u %=**= | | ?????????????###+#############+######+######+##### | | ???????????????????????????# ?#[ [ =#????????? | | ???????????????????????????# """?# ][%""#????????? | | ???????????????????????????# """ # *"""#????????? | | ???????????????????????????# """ # """#????????? | | ???????????????????????????# # """#????????? | | ???????????????????????????#?""" # #????????? | | ?????????????????????????????????########????????? | | ?????????????????????????????????????????????????? | | ?????????????????????????????????????????????????? | | ?????????????????????????????????????????????????? | | ?????????????????????????????????????????????????? | | ?????????????????????????????????????????????????? | | ?????????????????????????????????????????????????? | | ?????????????????????????????????????????????????? | | ?????????????????????????????????????????????????? | | ?????????????????????????????????????????????????? | | ?????????????????????????????????????????????????? | | ?????????????????????????????????????????????????? | | ?????????????????????????????????????????????????? | | ?????????????????????????????????????????????????? | | ?????????????????????????????????????????????????? | | ?????????????????????????????????????????????????? | +----------------------------------------------------+ Best States ------------- Heat Dissipation 45 Energy Generation 14 Energy Capacity 280 Matter Stores 300 Matter Capacity 300 Sight Range 16 Terrain Scan Density 10 Armor Coverage 100 Evasion (%) 55 Targeting Accuracy 5 Recoil Reduction 2 Item Schematics ----------------- None Robot Schematics ------------------ None Fabricated ------------ Nothing Repaired ---------- Nothing Studied --------- None Alien Tech Used ----------------- None Achievements -------------- Do Not Disturb Mistaken Identity Challenges ------------ None Game ------ Seed GunBiometalNanosword Manual? 0 Play Time 00:43:06 Cumulative 16.6 hours Start 2026.09.22 @ 01:11:39 End 2026.09.22 @ 04:05:11 Sessions 1 Manual Loads 0 Difficulty Rogue Special Mode None Game No. 14 Rogue 14 Adventurer 0 Explorer 0 Win Type - Total 0 Types 0/0/0/0/0/0/0/0/0/0 Lore% 7 Gallery% 15 Achievement% 13 Wizard Run 0 Options --------- Layout 1 ASCII 0 Keyboard 0 Movement Mouse Keybinds 0 Fullscreen 1 Font 32/SmallcapsGlow Map View 50x35 Zoom Use 0% Tactical HUD 0 Map Filters NONE Filters NONE Steam 1 RUN: bdf5d83f-cb2c-4bc0-ad0b-e50c90f05a8a